 Dungeon Crawl Stone Soup version 0.30-a0-1157-g2cc9ac7196 (webtiles) character file.

Game seed: 1574395184002964259

6 Lobster4 the Caller (level 1, 0/10 HPs)
             Began as a Deep Elf Summoner on Apr 24, 2023.
             Slain by a jackal (2 damage)
             ... on level 1 of the Dungeon.
             The game lasted 00:00:42 (114 turns).

Lobster4 the Caller (Deep Elf Summoner)              Turns: 114, Time: 00:00:42

Health: 0/10       AC:  2    Str:  5    XL:     1   Next: 75%
Magic:  2/6        EV: 12    Int: 19    God:
Gold:   18         SH:  0    Dex: 15    Spells: 5/6 levels left

rFire   . . .        c - +0 dagger
rCold   . . .        (no shield)
rNeg    . . .        a - +0 robe
rPois   .            (no helmet)
rElec   .            (no cloak)
rCorr   .            (no gloves)
SInv    .            (no boots)
Will    .....        (no amulet)
Stlth   ++           (no ring)
HPRegen 0.21/turn    (no ring)
MPRegen 0.10/turn

%: no passive effects
@: very slightly contaminated
A: no striking features
a: no special abilities


You were on level 1 of the Dungeon.
You visited 1 branch of the dungeon, and saw 1 of its levels.

You collected 18 gold pieces.

Inventory:

Hand Weapons
 c - a +0 dagger (weapon)
Armour
 a - a +0 robe (worn)
Potions
 b - a potion of magic


   Skills:
 + Level 0.2 Fighting
 + Level 2.5 Dodging
 + Level 2.5 Stealth
 + Level 3.1 Spellcasting
 * Level 4.5 Summonings


You had 5 spell levels left.
You knew the following spells:

 Your Spells              Type           Power      Damage    Failure   Level
a - Summon Small Mammal   Summ           80%        N/A       2%          1

Your spell library contained the following spells:

 Spells                   Type           Power      Damage    Failure   Level
 Call Imp                 Summ           40%        N/A       3%          2
 Call Canine Familiar     Summ           20%        N/A       7%          3
 Summon Guardian Golem    Hex/Summ       11%        N/A       19%         3
 Summon Lightning Spire   Summ/Air       11%        N/A       52%         4


Dungeon Overview and Level Annotations

Branches:
Dungeon (1/15)

Altars:


Message History

Your quokka bites the kobold.
The kobold dies!
You hit the jackal but do no damage. The jackal bites you.
Your quokka bites the jackal.
The jackal closely misses you. The jackal misses your quokka.
You barely miss the jackal.
The jackal is moderately wounded.
Your quokka bites the jackal but does no damage.
The jackal closely misses your quokka. The jackal closely misses you.
You hit the jackal.
The jackal is heavily wounded.
The jackal barely misses you. The jackal barely misses your quokka.
Your quokka barely misses the jackal.
You hit the jackal.
You kill the jackal!
Your quokka bites the jackal.
The jackal closely misses you.
Your quokka misses the jackal.
Casting: Summon Small Mammal (safe; 2% risk of failure)
Confirm with . or Enter, or press ? or * to list all spells.
You miscast Summon Small Mammal.
You are very lightly contaminated with residual magic.
Nothing appears to happen.
The jackal bites you but does no damage.
Your quokka closely misses the jackal.
You closely miss the jackal.
The jackal bites you but does no damage.
Your quokka bites the jackal but does no damage.
The jackal bites you.
* * * LOW HITPOINT WARNING * * *
The jackal completely misses your quokka.
You hit the jackal.
The jackal is moderately wounded.
Your quokka bites the jackal.
The jackal dies!
The jackal bites you.
* * * LOW HITPOINT WARNING * * *
Casting: Summon Small Mammal (safe; 2% risk of failure)
Confirm with . or Enter, or press ? or * to list all spells.
The jackal bites you.
You die...

### ### #.## #.#
###.###.# #.#
#..#..>.# #.#
#.......#
#####.########.#...#
#.......>...##.##.##
#
##.###.#####.##.##.#
#[#..r##r#
##...#†##.#
#...)hh@.#
#......##.##
#.....####
#..........# #..#.##
#......##..##
........
#............
######..##
#.#.#..###.## #).#
#.###†####### #h.#
#. #......... #.h#
#.#####.## #..#
#.#S≈≈#.#≈


You could see 2 jackals, a friendly quokka (summoned) and a friendly rat
(summoned).

Vanquished Creatures
  A jackal (D:1)
1 creature vanquished.

Vanquished Creatures (collateral kills)
  A bat (D:1)
  A jackal (D:1)
  A kobold (D:1)
  A frilled lizard (D:1)
4 creatures vanquished.

Grand Total: 5 creatures vanquished

Notes
Turn   | Place    | Note
-------+----------+-------------------------------------------
     0 | D:1      | Lobster4 the Deep Elf Summoner began the quest for the Orb.
     0 | D:1      | Reached XP level 1. HP: 10/10 MP: 6/6
     3 | D:1      | Noticed an electric eel
     5 | D:1      | Noticed an electric eel
   114 | D:1      | Slain by a jackal

Illustrated notes

Levels and vault maps discovered:
D:1:      arrival_aquarium_b, layout_loops_ring, serial_aquarium,
          aquarium_bridge_square [aquarium_subvault_window,
          aquarium_subvault_bridge, aquarium_subvault_wall,
          aquarium_subvault_bridge], aquarium_window_fake, aquarium_window_1,
          aquarium_window_3, aquarium_window_fake, aquarium_view_2f,
          aquarium_view_2c, ebering_ecumenical_altar_rust

Action                     || total
---------------------------++-------
  Melee: Dagger            ||    11
         Unarmed           ||     2
   Cast: Summon Small Mamm ||     6
 Armour: Robe              ||     3
  Dodge: Dodged            ||    12

Table legend: (Time is in decaauts)
 A = Elapsed time spent in this place.
 B = Non-inter-level travel time spent in this place.
 C = Inter-level travel time spent in this place.
 D = Time resting spent in this place.
 E = Time spent auto-exploring this place.
 F = Levels seen in this place.
 G = Mean time per level.
                   A        B        C        D        E       F      G
               +--------+--------+--------+--------+--------+-----+--------+
         Total |    113 |    113 |      0 |      0 |     51 |   1 |  113.0 |
       Dungeon |    113 |    113 |      0 |      0 |     51 |   1 |  113.0 |
               +--------+--------+--------+--------+--------+-----+--------+

Top non-repeatable levels by time:
     D:1: 113 daAuts
